 Dungeon Crawl Stone Soup version 0.27-a0-1381-g81fdcbfb23 (webtiles) character file.

Game seed: 14992518198497129860

4783 Froggeryz the Slicer (level 10, -1/94 HPs)
             Began as an Octopode Berserker on June 30, 2021.
             Was a High Priest of Trog.
             Slain by Erica (14 damage)
             ... on level 8 of the Dungeon.
             The game lasted 00:07:33 (8517 turns).

Froggeryz the Slicer (Octopode Berserker)           Turns: 8517, Time: 00:07:34

Health: -1/94      AC:  1    Str: 16    XL:     10   Next: 47%
Magic:  10/10      EV: 17    Int:  9    God:    Trog [*****.]
Gold:   652        SH:  5    Dex: 16    Spells: 9/9 levels left

rFire    . . .     SeeInvis .   k - +2 dagger (freeze)
rCold    . . .     Faith    .   (no shield)
rNeg     . . .     Spirit   .   (helmet restricted)
rPois    .         Reflect  +   l - amulet of reflection
rElec    .         Harm     .   q - ring of flight
rCorr    .         Rampage  .   (no ring)
Will     .....                  (no ring)
Stlth    ..........             (no ring)
HPRegen  0.25/turn              (no ring)
MPRegen  0.12/turn              (no ring)
                                (no ring)
                                (no ring)

@: berserking, flying, very quick
A: almost no armour, amphibious, 8 rings, camouflage 1, gelatinous body 1,
(nimble swimmer 1), tentacles
a: Renounce Religion, Berserk, Trog's Hand, Brothers in Arms


You were on level 8 of the Dungeon.
You worshipped Trog.
Trog was extremely pleased with you.
You visited 2 branches of the dungeon, and saw 9 of its levels.

You collected 1166 gold pieces.
You spent 514 gold pieces at shops.

Inventory:

Hand Weapons
 k - a +2 dagger of freezing (weapon)
Missiles
 d - 5 boomerangs
 f - 52 poisoned darts (quivered)
Jewellery
 l - an amulet of reflection (around mantle)
 m - an amulet of the acrobat
 q - a ring of flight (left tentacle)
Wands
 a - a wand of flame (9)
Scrolls
 c - a scroll of enchant armour
 i - 2 scrolls of fog
 j - a scroll of summoning {unknown}
 o - a scroll of immolation
 p - 6 scrolls of teleportation
 u - 3 scrolls of blinking
 v - a scroll of magic mapping {unknown}
 x - a scroll of enchant weapon
Potions
 e - a potion of berserk rage {unknown}
 g - 2 potions of curing
 h - 3 potions of haste
 n - 2 potions of heal wounds
 r - 3 potions of resistance
 s - a potion of degeneration {unknown}
 t - a potion of brilliance {unknown}


   Skills:
 - Level 3.0 Fighting
 - Level 11.0 Short Blades
 + Level 8.3 Dodging
 + Level 10.4 Stealth


You had 9 spell levels left.
You didn't know any spells.
Your spell library was empty.

Dungeon Overview and Level Annotations

Branches:
Dungeon (8/15)             Temple (1/1) D:6
   Lair: D:8-11

Altars:
Cheibriados
Dithmenos
Elyvilon
Hepliaklqana
Makhleb
Okawaru
Qazlal
Ru
Xom
Yredelemnul

Shops:
D:5 :   D:6 *?[

Annotations:
D:8 Erica


Innate Abilities, Weirdness & Mutations

You cannot wear most types of armour.
You are amphibious.
You can wear up to eight rings at the same time.
Your skin changes colour to match your surroundings (Stealth+).
Your rubbery body absorbs attacks. (AC +1, EV +1)
((You are camouflaged near water. (Stealth+)))
You have tentacles for arms and can constrict up to eight enemies at once.


Message History

There is an open door here.
You reach down and open the door.
Found a ring mail.
No target in view!
Erica the Fiery-Tempered comes into view.
She is wielding a +0 scimitar of flaming.
Erica shouts!
Erica mumbles some strange words.
Erica flickers and vanishes!
Deactivating autopickup; reactivate with Ctrl-A.
Drop what? 23/52 slots (_ for help) (? for menu, Esc to quit)
You drop 2 scrolls of noise.
No target in view!
No target in view!
There is a strange disturbance nearby!
No target in view!
You closely miss something. You hit something. You freeze something.
You hit something. You freeze something. You squeeze something!
You hear some strange, mumbled words.
Something tries to affect you, but you resist.
You miss something. You closely miss something. Your squeeze misses something.
Something completely misses you.
You closely miss something. You hit something. You freeze something.
Something hits you. Something burns you.
You miss something. You squeeze something. You hit something but do no damage.
Something hits you! Something burns you.
You completely miss something. You barely miss something. Something hits you!
Something burns you.
You hit something. You freeze something. You squeeze something.
You miss something. You block something's attack.
You hit something. You freeze something. You squeeze something.
You hit something but do no damage. Something hits you!
* * * LOW HITPOINT WARNING * * *
Something burns you.
* * * LOW HITPOINT WARNING * * *
A red film seems to cover your vision as you go berserk!
You feel yourself moving faster!
You feel mighty! Something hits you!
You die...

## #.## # #...
#####################... ####.#.
......................... #....+.
.##########...?.@{........##.#.#.
..........'......................
'##########............. ##.....
....# #............. #.....#
....# #.........[... #.###.#
....# ##########.######.###.#
....################...#..#.#....
>...'.........................#.#
.[..#########.########.#..#))....


There were no monsters in sight!

Vanquished Creatures
  2 two-headed ogres
  Pikel (D:7)
  Joseph (D:7)
  Eustachio (D:4)
  A steam dragon (D:7)
  2 water moccasins
  A black bear (D:7)
  A sky beast (D:7)
  3 orc warriors
  3 necrophages
  An ogre (D:5)
  A lemure (D:7)
  2 bullfrogs (D:6)
  A gnoll sergeant (Temple)
  A scorpion (D:7)
  A wyvern zombie (D:7)
  A wyvern skeleton (D:7)
  5 howler monkeys
  2 centaur zombies
  A hound (D:4)
  A centaur skeleton (D:7)
  4 orc priests
  Crazy Yiuf (D:7)
  Jessica (D:3)
  Terence (D:3)
  7 iguanas
  3 orc wizards
  Natasha (D:3)
  2 killer bee zombies (D:7)
  2 hound zombies (D:5)
  A hound skeleton (D:4)
  A howler monkey zombie (D:8)
  4 gnolls
  2 adders
  A howler monkey skeleton (D:6)
  A shadow imp (D:7)
  2 white imps
  2 ufetubi (D:5)
  A worm (D:4)
  2 dart slugs
  25 orcs
  5 endoplasms
  3 giant cockroaches
  7 goblins
  9 hobgoblins
  16 jackals
  6 quokkas
  8 ball pythons
  7 bats
  6 frilled lizards
  6 kobolds
  A quokka skeleton (D:4)
  19 rats
190 creatures vanquished.

Notes
Turn   | Place    | Note
-------+----------+-------------------------------------------
     0 | D:1      | Froggeryz the Octopode Berserker began the quest for the
                  | Orb.
     0 | D:1      | Reached XP level 1. HP: 16/16 MP: 1/1
   260 | D:1      | Reached skill level 1 in Stealth
   263 | D:1      | Reached XP level 2. HP: 17/21 MP: 2/2
   419 | D:1      | Found a faded altar of an unknown god.
   518 | D:1      | Reached XP level 3. HP: 22/26 MP: 3/3
   737 | D:1      | Reached ** piety under Trog
   746 | D:1      | Reached skill level 4 in Short Blades
  1428 | D:3      | Found an iron altar of Okawaru.
  1444 | D:3      | Reached XP level 4. HP: 30/31 MP: 4/4
  1479 | D:3      | Found a hazy altar of Hepliaklqana.
  1544 | D:3      | Noticed Terence
  1901 | D:3      | Killed Terence
  2037 | D:3      | Found a snail-covered altar of Cheibriados.
  2177 | D:3      | Noticed Natasha
  2184 | D:3      | Killed Natasha
  2185 | D:3      | Reached XP level 5. HP: 30/36 MP: 5/5
  2421 | D:3      | Reached skill level 5 in Short Blades
  2624 | D:3      | Found a faded altar of an unknown god.
  2624 | D:3      | Found a shimmering altar of Xom.
  2632 | D:3      | Found a faded altar of an unknown god.
  2634 | D:3      | Found a sacrificial altar of Ru.
  2636 | D:3      | Found a shadowy altar of Dithmenos.
  2662 | D:3      | Noticed Jessica
  2669 | D:3      | Killed Jessica
  2840 | D:4      | Noticed Eustachio
  2853 | D:4      | Killed Eustachio
  2854 | D:4      | Reached skill level 6 in Short Blades
  2854 | D:4      | Reached XP level 6. HP: 22/42 MP: 6/6
  3172 | D:4      | Reached *** piety under Trog
  3173 | D:4      | Reached skill level 5 in Stealth
  3637 | D:4      | Reached XP level 7. HP: 41/46 MP: 7/7
  3899 | D:5      | Entered Level 5 of the Dungeon
  4002 | D:5      | Found a stormy altar of Qazlal.
  4051 | D:5      | Found Seko's Book Shop.
  4064 | D:5      | Reached **** piety under Trog
  4161 | D:5      | Reached skill level 7 in Short Blades
  4259 | D:5      | Found a basalt altar of Yredelemnul.
  4326 | D:5      | Found a white marble altar of Elyvilon.
  4694 | D:5      | Reached XP level 8. HP: 41/52 MP: 8/8
  4783 | D:5      | Reached skill level 8 in Short Blades
  5100 | D:6      | Noticed a two-headed ogre
  5102 | D:6      | Found a staircase to the Ecumenical Temple.
  5122 | D:6      | Killed a two-headed ogre
  5123 | D:6      | Reached skill level 9 in Short Blades
  5130 | D:6      | Reached XP level 9. HP: 30/56 MP: 9/9
  5130 | D:6      | Found Ridaraf's Armour Boutique.
  5137 | D:6      | Reached skill level 5 in Dodging
  5143 | D:6      | Reached skill level 10 in Short Blades
  5700 | D:6      | Found Hete's Magic Scroll Shoppe.
  5706 | D:6      | Bought a scroll of teleportation for 39 gold pieces
  5706 | D:6      | Bought a scroll of blinking for 97 gold pieces
  5736 | D:6      | Identified a scroll of acquirement
  5741 | D:6      | Acquired 757 gold pieces
  5754 | D:6      | Bought a scroll of teleportation for 39 gold pieces
  5754 | D:6      | Bought a scroll of teleportation for 39 gold pieces
  5754 | D:6      | Bought a scroll of enchant armour for 97 gold pieces
  5754 | D:6      | Bought a scroll of teleportation for 39 gold pieces
  5754 | D:6      | Bought a scroll of fog for 26 gold pieces
  5866 | D:6      | Found Adwaurph Roan's Assorted Antiques.
  5912 | Temple   | Entered the Ecumenical Temple
  6556 | D:6      | Bought a scroll labelled MYAGEPT YTSENI for 23 gold pieces
  6556 | D:6      | Bought a dented blue amulet for 115 gold pieces
  6816 | D:7      | Noticed Pikel
  6829 | D:7      | Killed Pikel
  6833 | D:7      | Reached ***** piety under Trog
  6936 | D:7      | Reached skill level 11 in Short Blades
  7383 | D:7      | Noticed Joseph
  7389 | D:7      | Killed Joseph
  7390 | D:7      | Reached XP level 10. HP: 63/63 MP: 10/10
  7737 | D:7      | Found a runed translucent door.
  7738 | D:7      | Noticed Crazy Yiuf
  7939 | D:7      | Found a burning altar of Makhleb.
  8046 | D:7      | Killed Crazy Yiuf
  8332 | D:8      | Noticed a two-headed ogre
  8350 | D:8      | Killed a two-headed ogre
  8351 | D:8      | Reached skill level 10 in Stealth
  8497 | D:8      | Noticed Erica
  8517 | D:8      | Slain by Erica

Illustrated notes

Levels and vault maps discovered:
D:1:      minmay_arrival_widening_spiral_wide, layout_rooms,
          basic_ecumenical_altar, minmay_tetromino_i2
D:2:      layout_rooms
D:3:      layout_basic, okawaru_trees_1, chequers_temple_overflow_minitemple,
          old_standard_altar, lemuel_doored_altar, wad_floor_pattern_untrapped,
          uniq_natasha, uniq_terence, uniq_jessica
D:4:      layout_loops_cross, minmay_rat_hole, uniq_eustachio
D:5:      layout_loops_ring, kennysheep_ying_yang,
          nicolae_qazlal_scattered_showers, nicolae_stop_n_shop_1, st_stairs_4
D:6:      layout_loops_cross, minmay_temple_entry_mini_moons, serial_shops,
          nicolae_square_shop, shop, kennysheep_small_square
D:7:      layout_gridville, marbit_many_paths, minmay_checkerbox,
          uniq_crazy_yiuf_cottage, uniq_joseph, uniq_pikel
D:8:      layout_basic, overflow_temple_1_default, kennysheep_mini_moat,
          lair_entry_dummy, minmay_holes, hangedman_decor_lopped, uniq_erica
Temple:   cyrus_temple_forest

Skill      XL: |  1  2  3  4  5  6  7  8  9 10 |
---------------+-------------------------------+-----
Stealth        | 1 2 3 4 5 7 9 10 | 10.4
Short Blades   | 4 6 7 9 11 | 11.0
Dodging        | 4 7 8 |  8.3
Fighting       | |  3.0

Action                   |  1- 3 |  4- 6 |  7- 9 | 10-12 || total
-------------------------+-------+-------+-------+-------++-------
Melee: Short sword       |    79 |     4 |       |       ||    83
       Constrict         |    21 |    25 |    39 |    11 ||    96
       Tentacles         |    16 |    20 |    60 |    20 ||   116
       Dagger            |       |   108 |   191 |    93 ||   392
Throw: Dart              |     2 |       |       |       ||     2
Invok: Berserk           |       |     2 |     3 |     3 ||     8
Evoke: Wand              |       |       |     1 |       ||     1
  Use: Scroll            |       |       |     9 |     2 ||    11
       Potion            |       |       |     1 |       ||     1
 Stab: Sleeping          |    10 |     9 |    19 |     5 ||    43
       Distracted        |       |       |       |     1 ||     1
Armor: Skin              |    15 |     7 |     2 |     1 ||    25
Dodge: Dodged            |    59 |    39 |    52 |    38 ||   188
Block: Other             |       |       |     2 |     8 ||    10

Table legend: (Time is in decaauts)
 A = Elapsed time spent in this place.
 B = Non-inter-level travel time spent in this place.
 C = Inter-level travel time spent in this place.
 D = Time resting spent in this place.
 E = Time spent auto-exploring this place.
 F = Levels seen in this place.
 G = Mean time per level.
                   A        B        C        D        E       F      G
               +--------+--------+--------+--------+--------+-----+--------+
         Total |   8411 |   8221 |    190 |   1759 |   5450 |   9 |  934.6 |
       Dungeon |   7845 |   7655 |    190 |   1213 |   5450 |   8 |  980.6 |
        Temple |    565 |    565 |      0 |    546 |      0 |   1 |  565.0 |
               +--------+--------+--------+--------+--------+-----+--------+

Top non-repeatable levels by time:
     D:7: 1312 daAuts
     D:5: 1261 daAuts
     D:3: 1092 daAuts
     D:4: 1034 daAuts
     D:6: 1016 daAuts
     D:2: 893 daAuts
     D:1: 852 daAuts
  Temple: 565 daAuts
     D:8: 382 daAuts
